 Dungeon Crawl Stone Soup version 0.15.2 (webtiles) character file.

235171 LaManche the Imperceptible (level 18, -5/93 (96) HPs)
             Began as a Spriggan Enchanter on Nov 1, 2014.
             Was the Champion of Dithmenos.
             Hit by a large rock thrown by a stone giant (21 damage)
             ... on Level 4 of the Vaults.
             The game lasted 04:14:45 (59583 turns).

LaManche the Imperceptible (Spriggan Enchanter)    Turns: 59583, Time: 04:14:45

HP  -5/93 (96)   AC 20     Str  8      XL: 18   Next: 90%
MP  33/41        EV 26     Int 18      God: Dithmenos [******]
Gold 2349        SH  9     Dex 22      Spells:  9 memorised, 14 levels left

rFire  + . .     SeeInvis +     y - +6 short sword "Cagec" {freeze, Str-1 Dex+4}
rCold  . . .     Clarity  +     c - +4 swamp dragon armour
rNeg   . . .     rCorr    .     n - +1 buckler {rF+}
rPois  +         rRot     .     B - +0 hat
rElec  .         Spirit   .     C - +2 cloak {+Inv}
SustAb +         Warding  .     (gloves unavailable)
rMut   .         Stasis   .     (boots unavailable)
Gourm  .                        b - amulet of clarity
MR     +++..                    P - +3 ring of protection
                                i - ring of sustain abilities

@: lethally poisoned, about to teleport, wreathed by umbra, very quick,
extremely resistant to hostile enchantments, uncannily stealthy
A: unfitting armour, see invisible, herbivore 3, speed 3, slow metabolism 2
a: Shadow Step, Shadow Form, Renounce Religion, Evoke Invisibility
}: 1/15 runes: decaying


You were on level 4 of the Vaults.
You worshipped Dithmenos.
Dithmenos was exalted by your worship.
You were very hungry.

You visited 7 branches of the dungeon, and saw 42 of its levels.
You also visited: Ice Cave and Volcano.

You collected 3916 gold pieces.
You spent 1567 gold pieces at shops.

Inventory:

Hand weapons
 y - the +6 short sword "Cagec" (weapon) {freeze, Str-1 Dex+4}
   (You found it on level 5 of the Dungeon)

   It has been specially enchanted to freeze those struck by it, causing extra
   injury to most foes and up to double damage against particularly susceptible
   opponents.
   It can also slow down cold-blooded creatures.
   It affects your strength (-1).
   It affects your dexterity (+4).
Armour
 c - a +4 swamp dragon armour (worn)
 n - a +1 buckler of fire resistance (worn)
 B - a +0 hat (worn)
 C - a +2 cloak of darkness (worn)
Magical devices
 u - a wand of disintegration (12)
 J - a wand of teleportation (4)
 M - a wand of digging (12)
Comestibles
 o - 12 bread rations
Scrolls
 h - 10 scrolls of teleportation
 q - 7 scrolls of remove curse
 s - 5 scrolls of vulnerability
 t - 6 scrolls of recharging
 v - 6 scrolls of magic mapping
 E - 6 scrolls of fear
 G - 4 scrolls of fog
 K - a scroll of blinking
 L - 6 scrolls of enchant weapon
 R - 2 scrolls of holy word
 W - 10 scrolls of identify
 X - a scroll of summoning
Jewellery
 b - an amulet of clarity (around neck)
 i - a ring of sustain abilities (left hand)
 k - a cursed -3 ring of intelligence
 w - an uncursed ring of magical power {unknown}
 z - an uncursed amulet of warding {unknown}
 H - an uncursed amulet of resist corrosion
 P - a +3 ring of protection (right hand)
Potions
 a - 2 potions of agility
 d - 3 potions of flight
 e - 2 potions of invisibility
 g - 4 potions of brilliance
 j - 2 potions of resistance
 l - 6 potions of might
 m - 4 potions of cancellation
 p - 13 potions of curing
 r - a potion of magic
 x - 2 potions of berserk rage
 A - a potion of porridge
 F - 4 potions of restore abilities
 T - 3 potions of cure mutation
Books
 f - a book of Wizardry

   Spells                             Type                      Level
   Agony                              Necromancy                   5
   Force Lance                        Conjuration                  5
   Dispersal                          Translocation                6
   Haste                              Charms                       6
   *Invisibility                      Hexes                        6
   Spellforged Servitor               Conjuration/Summoning        7
 D - the Disquisition on the Oath
   (You found it on level 3 of the Vaults)

   Spells                             Type                      Level
   Tukima's Dance                     Hexes                        3
   Leda's Liquefaction                Hexes/Earth                  4
   *Enslavement                       Hexes                        4
   Silence                            Hexes/Air                    5
Miscellaneous
 V - a crystal ball of energy


   Skills:
 + Level 11.4 Fighting
 + Level 14.7 Short Blades
 * Level 8.7 Armour
 + Level 16.2 Dodging
 + Level 21.5 Stealth
 * Level 4.1 Shields
 + Level 14.6 Spellcasting
   Level 0.7 Conjurations
 + Level 16.6 Hexes
 - Level 0.4 Charms
 - Level 1.0 Ice Magic
 - Level 0.1 Air Magic
 + Level 2.1 Invocations
 + Level 1.7 Evocations


You had 14 spell levels left.
You knew the following spells:

 Your Spells              Type           Power        Failure   Level  Hunger
b - Ensorcelled Hibernat  Hex/Ice        #####.       1%          2    None
c - Confuse               Hex            ######..     1%          3    None
d - Flight                Chrm/Air       ##........   41%         3    None
e - Enslavement           Hex            ######..     1%          4    None
f - Invisibility          Hex            ######..     2%          6    #####..
g - Blink                 Tloc           N/A          21%         2    None
h - Mass Confusion        Hex            ######....   2%          6    #####..
i - Metabolic Englaciati  Hex/Ice        #####.....   12%         5    ###....
j - Summon Butterflies    Summ           ##......     14%         1    None


Dungeon Overview and Level Annotations

Branches:
Dungeon (15/15)            Temple (1/1) D:5             Orc (4/4) D:11
    Elf (0/3) Orc:4          Lair (8/8) D:11          Swamp (5/5) Lair:6
 Spider (5/5) Lair:3        Slime (0/6) Lair:7       Vaults (4/5) D:13
  Crypt (0/3) Vaults:3     Depths (0/5) D:15

Altars:
Ashenzari
Cheibriados
Dithmenos
Elyvilon
Fedhas
Kikubaaqudgha
Makhleb
Nemelex Xobeh
Okawaru
Qazlal
Sif Muna
Trog
Vehumet
Xom
Yredelemnul
Zin
The Shining One
Beogh
Jiyva

Shops:
Orc:4 (=!}   Vaults:1 [

Annotations:
Swamp:3 exclusion: Roxanne, Roxanne
Swamp:4 Lernaean hydra


Innate Abilities, Weirdness & Mutations

You are tiny and cannot use many weapons and most armour.
You have supernaturally acute eyesight.
You are a herbivore.
You cover ground extremely quickly.
You need consume almost no food.


Message History

You feel sick.
* * * LOW HITPOINT WARNING * * *
You feel sick.
* * * LOW HITPOINT WARNING * * *
You feel sick.
A lich comes into view.
* * * LOW HITPOINT WARNING * * *
You feel sick.
The lich shouts!
* * * LOW HITPOINT WARNING * * *
You feel sick.
Found a plain deck of cards.
Drink which item? (? for menu, Esc to quit)
Okay, then.
Read which item? (? for menu, Esc to quit)
As you read the scroll of teleportation, it crumbles to dust.
You feel strangely unstable.
* * * LOW HITPOINT WARNING * * *
You feel sick.
The stone giant throws a large rock.
The large rock hits you!!
You die...

..................§§C§§§......
.#############....§§§§§ss.....
.# #...C..§§§§...... .#
#...###+######.. .# #...# .#
#...# .# #...# .# #...# #..@#
+...# #...# #...# #...# #.L..
..... }..... ###


You could see a stone giant and a lich.

Vanquished Creatures
  Mara (Spider:3)
  Nikola (Swamp:2)
  A storm dragon (Vaults:4)
  A thorn hunter (Swamp:3)
  2 frost giants (Vaults:3)
  A ghost moth (Spider:5)
  Maud (Lair:8)
  2 emperor scorpions
  3 vault wardens
  An orc warlord (Orc:3)
  Jorgrun (Swamp:3)
  A very ugly thing (Swamp:4)
  4 rakshasas
  A vampire knight (Vaults:3)
  7 stone giants (Vaults:3)
  3 ettins
  Snorg (Lair:6)
  8 vault guards (D:13)
  5 yaktaur captains
  3 ironheart preservers (Vaults:3)
  A great orb of eyes (Vaults:3)
  Josephine (Lair:3)
  A fire dragon (Vaults:3)
  Fannar (D:15)
  20 hydras
  Harold (Lair:6)
  3 ogre magi
  An ice dragon (Vaults:3)
  A shambling mangrove (Swamp:4)
  A deep troll earth mage (Vaults:3)
  A tengu warrior (D:15)
  A deep troll shaman (Vaults:3)
  A death yak (Lair:7)
  4 centaur warriors
  9 alligators
  A shadow wraith (Vaults:2)
  Nergalle (Lair:7)
  A deep elf knight (Vaults:2)
  4 orc high priests (Orc:4)
  2 catoblepae
  5 skeletal warriors (Vaults:1)
  4 fire crabs
  6 orb spiders
  17 swamp dragons
  2 deep trolls (Vaults:3)
  A silver statue (Vaults:2)
  8 hill giants
  2 unseen horrors
  2 necromancers
  8 ironbrand convokers
  21 wolf spiders
  3 harpies (Vaults:1)
  A deep elf conjurer (D:15)
  4 manticores
  3 orc sorcerers
  3 red wasps
  2 human zombies (Vaults:2)
  5 cyclopes
  10 orc knights
  4 phantasmal warriors
  17 ugly things
  4 wizards
  21 elephants
  2 moths of wrath (Spider:2)
  A guardian serpent (shapeshifter) (Vaults:1)
  6 griffons
  9 vault sentinels
  A gargoyle (D:12)
  3 torpor snails
  5 orange demons (D:14)
  A queen ant (Spider:4)
  18 yaktaurs
  7 black mambas
  Psyche (D:13)
  A naga mage (D:15)
  9 komodo dragons
  23 spiny frogs
  6 demonic crawlers
  An efreet (D:13)
  A tengu conjurer (D:15)
  A merfolk skeleton (Spider:1)
  A tengu simulacrum (Vaults:3)
  5 jumping spiders
  Grinder (D:4)
  7 freezing wraiths
  7 trolls
  6 fire drakes
  5 two-headed ogres
  A hydra skeleton (D:12)
  4 giant leeches
  9 polar bears
  23 slime creatures
  13 bog bodies
  A basilisk (D:15)
  17 ravens
  A tarantella zombie (Spider:1)
  5 boulder beetles
  9 flying skulls
  A spriggan (shapeshifter) (D:15)
  A tarantella (shapeshifter) (Vaults:3)
  72 yaks
  14 blink frogs
  9 spriggans
  5 shadows
  14 tarantellas
  A basilisk (shapeshifter) (Vaults:1)
  6 trapdoor spiders
  3 fire bats (Orc:4)
  2 hill giant zombies
  2 human skeletons
  2 vampires
  An elf zombie (D:11)
  2 deep elf fighters
  13 redbacks
  3 wraiths
  2 fire elementals (Volcano)
  3 wyverns
  20 hippogriffs
  2 hogs (D:14)
  A human (shapeshifter) (Vaults:3)
  40 vampire mosquitoes
  A deep elf mage (D:4)
  4 wargs
  A golden eye (shapeshifter) (Vaults:3)
  2 hungry ghosts
  Edmund (D:4)
  A hill giant skeleton (D:10)
  A hell hound (Volcano)
  35 swamp worms
  Menkaure (D:5)
  9 porcupines
  5 wolves
  28 soldier ants
  A tengu skeleton (D:13)
  20 swamp drakes
  A phantom (D:12)
  A necrophage (D:10)
  13 ice beasts
  11 spiders
  27 water moccasins
  2 black bears (D:14)
  A black bear (shapeshifter) (Vaults:1)
  24 orc warriors
  A trapdoor spider simulacrum (Spider:1)
  11 yellow wasps
  A boggart (Vaults:3)
  2 sky beasts
  23 ogres
  13 crocodiles
  3 boring beetles
  4 centaurs
  Sigmund (D:5)
  Duvessa (D:4)
  A big kobold (D:8)
  An elf simulacrum (Vaults:1)
  2 brain worms
  18 giant frogs
  A spider zombie (Spider:1)
  A gnoll sergeant (D:11)
  3 cyclops skeletons
  11 scorpions
  11 insubstantial wisps
  An eye of draining (D:10)
  A hippogriff skeleton (D:6)
  22 killer bees
  3 wights (D:6)
  3 electric eels
  A yak skeleton (D:10)
  Dowan (D:4)
  A giant frog zombie (D:5)
  A centaur zombie (D:10)
  7 crimson imps
  13 hounds
  A centaur skeleton (D:11)
  A goliath beetle (D:6)
  41 orc wizards
  12 iguanas
  3 giant frog skeletons
  36 orc priests
  9 jellies
  27 worker ants
  A sheep (shapeshifter) (Vaults:3)
  7 sheep
  Ijyb (D:5)
  2 mummies
  A worker ant zombie (D:7)
  34 green rats
  14 gnolls
  An orc zombie (D:10)
  21 adders
  A steam dragon skeleton (D:6)
  2 giant mites
  6 worms
  2 shadow imps
  An ufetubus (Vaults:1)
  An iguana zombie (D:6)
  An adder skeleton (D:8)
  2 giant geckos
  17 oozes
  214 orcs
  11 giant cockroaches
  23 goblins
  17 hobgoblins
  8 jackals
  24 kobolds
  12 quokkas
  A ball python (D:2)
  11 bats
  4 giant newts (D:1)
  A giant spore (D:10)
  A gnoll skeleton (D:5)
  2 kobold skeletons
  2 orc skeletons
  20 rats
  2 rat zombies
  A ballistomycete (D:10)
  A plant (D:11)
1640 creatures vanquished.

Vanquished Creatures (collateral kills)
  A swamp dragon (Swamp:3)
  2 vampire mosquitoes (Swamp:3)
  An orc warrior (Vaults:4)
4 creatures vanquished.

Vanquished Creatures (others)
  A two-headed ogre (Vaults:2)
  A killer bee (D:13)
  A hobgoblin (Orc:2)
  6 fungi
  6 plants
15 creatures vanquished.

Grand Total: 1659 creatures vanquished

Notes
Turn   | Place    | Note
--------------------------------------------------------------
     0 | D:1      | LaManche, the Spriggan Enchanter, began the quest for the Orb.
     0 | D:1      | Reached XP level 1. HP: 9/9 MP: 4/4
    67 | D:1      | Reached skill level 5 in Stealth
    74 | D:1      | Reached XP level 2. HP: 11/13 MP: 5/7
   128 | D:1      | Learned a level 2 spell: Ensorcelled Hibernation
   719 | D:1      | Reached XP level 3. HP: 7/16 MP: 3/9
  1186 | D:1      | Learned a level 3 spell: Confuse
  2066 | D:2      | Reached XP level 4. HP: 14/21 MP: 4/12
  2400 | D:2      | Reached skill level 1 in Fighting
  3486 | D:3      | Reached XP level 5. HP: 25/25 MP: 2/16
  4164 | D:3      | Reached skill level 6 in Stealth
  4589 | D:3      | Reached skill level 1 in Ice Magic
  4700 | D:4      | Noticed Grinder
  4821 | D:4      | Noticed Duvessa
  4821 | D:4      | Noticed Dowan
  5095 | D:4      | Noticed Edmund
  5118 | D:4      | Killed Edmund
  5118 | D:4      | Reached XP level 6. HP: 30/30 MP: 11/19
  5157 | D:4      | Reached skill level 5 in Hexes
  5277 | D:4      | Reached skill level 7 in Stealth
  5575 | D:4      | Noticed an ogre
  5584 | D:4      | Killed an ogre
  5584 | D:4      | Reached XP level 7. HP: 33/35 MP: 18/21
  5630 | D:4      | Killed Grinder
  5630 | D:4      | Reached skill level 8 in Stealth
  5834 | D:4      | Noticed a deep elf mage
  5847 | D:4      | Killed a deep elf mage
  5847 | D:4      | Reached skill level 5 in Spellcasting
  5915 | D:4      | Found a glowing golden altar of the Shining One.
  5916 | D:4      | Found a blossoming altar of Fedhas.
  5956 | D:4      | Killed Duvessa
  5956 | D:4      | Reached XP level 8. HP: 34/40 MP: 9/24
  6002 | D:4      | Killed Dowan
  6190 | D:4      | Reached skill level 9 in Stealth
  6363 | D:5      | Entered Level 5 of the Dungeon
  6446 | D:5      | Noticed a moth of wrath
  6448 | D:5      | Found a bloodstained altar of Trog.
  6448 | D:5      | Noticed Sigmund
  6451 | D:5      | Killed Sigmund
  6568 | D:5      | Got an ivory short sword
  6569 | D:5      | Identified the +6 short sword "Cagec" {freeze, Str-1 Dex+4} (You found it on level 5 of the Dungeon)
  6924 | D:5      | Noticed Ijyb
  6931 | D:5      | Killed Ijyb
  7018 | D:5      | Found a staircase to the Ecumenical Temple.
  7148 | Temple   | Entered the Ecumenical Temple
  7317 | Temple   | Became a worshipper of Yredelemnul the Dark
  7732 | D:5      | Noticed Menkaure
  7740 | D:5      | Killed Menkaure
  7740 | D:5      | Reached skill level 10 in Stealth
  8132 | D:5      | Found a shadowy altar of Dithmenos.
  8137 | D:5      | Fell from the grace of Yredelemnul
  8137 | D:5      | Became a worshipper of Dithmenos the Shadowed
  9284 | D:7      | Reached skill level 5 in Short Blades
  9707 | D:6      | Reached XP level 9. HP: 27/45 MP: 22/27
  9940 | D:7      | Reached skill level 11 in Stealth
 10408 | D:7      | Found a snail-covered altar of Cheibriados.
 10989 | D:7      | Noticed a phantasmal warrior
 11008 | D:7      | Killed a phantasmal warrior
 11384 | D:8      | Acquired Dithmenos' first power
 12152 | D:9      | Reached skill level 12 in Stealth
 13140 | D:7      | Reached skill level 5 in Dodging
 13181 | D:7      | Noticed a phantasmal warrior
 13456 | D:7      | Killed a phantasmal warrior
 13562 | D:9      | Reached skill level 5 in Fighting
 13618 | D:9      | Found an iron altar of Okawaru.
 13755 | D:10     | Entered Level 10 of the Dungeon
 13889 | D:10     | Reached XP level 10. HP: 51/51 MP: 20/29
 14150 | D:10     | Noticed a hill giant
 14153 | D:10     | Killed a hill giant
 14607 | D:10     | Reached skill level 13 in Stealth
 15007 | D:11     | Noticed a hill giant
 15019 | D:11     | Killed a hill giant
 15019 | D:11     | Acquired Dithmenos' second power
 15029 | D:11     | Noticed a hill giant
 15361 | D:11     | Killed a hill giant
 15535 | D:11     | Found a staircase to the Orcish Mines.
 15557 | D:11     | Noticed a hill giant
 15582 | D:11     | Killed a hill giant
 15793 | D:11     | Was forgiven by Yredelemnul
 15794 | D:11     | Noticed a phantasmal warrior
 15798 | D:11     | Noticed a cyclops
 15802 | D:11     | Killed a cyclops
 15802 | D:11     | Reached XP level 11. HP: 20/56 MP: 14/31
 16055 | D:11     | Noticed a hill giant
 16061 | D:11     | Killed a hill giant
 16553 | D:11     | Reached skill level 14 in Stealth
 16640 | D:10     | Killed a phantasmal warrior
 16800 | D:11     | Found a staircase to the Lair.
 16961 | Lair:1   | Entered Level 1 of the Lair of Beasts
 17327 | Lair:1   | Reached skill level 1 in Evocations
 18213 | Lair:2   | Reached skill level 10 in Spellcasting
 19175 | Lair:3   | Reached skill level 15 in Stealth
 19212 | Lair:3   | Acquired Dithmenos' third power
 19351 | Lair:3   | Found a hole to the Spider Nest.
 19380 | Lair:3   | Reached XP level 12. HP: 63/63 MP: 33/33
 19414 | Lair:3   | Noticed a catoblepas
 19465 | Lair:3   | Killed a catoblepas
 19801 | Lair:3   | Reached skill level 16 in Stealth
 19806 | Lair:3   | Reached skill level 10 in Hexes
 20588 | Lair:4   | Got a shimmering spear
 20589 | Lair:4   | Identified the cursed -1 spear of Drought {pierce, SInv Stlth+} (You found it on level 4 of the Lair of Beasts)
 21390 | Lair:5   | Reached skill level 17 in Stealth
 21870 | Lair:6   | Acquired Dithmenos' fourth power
 22097 | Lair:6   | Noticed Harold
 22102 | Lair:6   | Killed Harold
 22265 | Lair:6   | Noticed Snorg
 22267 | Lair:6   | Killed Snorg
 22278 | Lair:6   | Reached XP level 13. HP: 68/68 MP: 27/35
 22384 | Lair:6   | Reached skill level 18 in Stealth
 22999 | Lair:6   | Found a staircase to the Swamp.
 23334 | Lair:7   | Noticed Nergalle
 23337 | Lair:7   | Killed Nergalle
 23337 | Lair:7   | Reached skill level 10 in Short Blades
 23997 | Lair:7   | Found a viscous altar of Jiyva.
 23997 | Lair:7   | Found a staircase to the Slime Pits.
 24944 | Lair:7   | Reached skill level 19 in Stealth
 25256 | Lair:8   | Entered Level 8 of the Lair of Beasts
 25368 | Lair:8   | Noticed Maud
 25372 | Lair:8   | Killed Maud
 25895 | Lair:8   | Reached XP level 14. HP: 75/75 MP: 36/36
 25975 | Lair:8   | Found a burning altar of Makhleb.
 26801 | Lair:1   | Learned a level 3 spell: Flight
 26850 | Orc:1    | Entered Level 1 of the Orcish Mines
 28581 | Orc:2    | Found a roughly hewn altar of Beogh.
 29555 | Orc:2    | Noticed an orc warlord
 29598 | Orc:3    | Killed an orc warlord
 29835 | Orc:4    | Entered Level 4 of the Orcish Mines
 29874 | Orc:4    | Found Luxt's Jewellery Emporium.
 29874 | Orc:4    | Found Ifula's Weapon Emporium.
 29882 | Orc:4    | Found Moanextu's Distillery.
 29885 | Orc:4    | Found Reenn's Gadget Shoppe.
 29899 | Orc:4    | Bought an uncursed amulet of clarity for 260 gold pieces
 29903 | Orc:4    | Bought a potion of mutation for 37 gold pieces
 29952 | Orc:4    | Found a dark tunnel.
 29964 | Volcano  | Entered a volcano
 30547 | Orc:4    | Found a frozen archway.
 30556 | IceCv    | Entered an ice cave
 30703 | Orc:4    | Reached skill level 20 in Stealth
 31707 | Orc:4    | Found a roughly hewn altar of Beogh.
 31819 | Orc:4    | Found a staircase to the Elven Halls.
 32104 | Orc:4    | Bought an uncursed amulet of resist corrosion for 260 gold pieces
 32107 | Orc:4    | Bought a potion of curing for 30 gold pieces
 32107 | Orc:4    | Bought a potion of confusion for 15 gold pieces
 32107 | Orc:4    | Bought a potion of heal wounds for 45 gold pieces
 32107 | Orc:4    | Bought a potion of curing for 30 gold pieces
 32107 | Orc:4    | Bought 2 potions of heal wounds for 90 gold pieces
 32112 | Orc:4    | Gained mutation: You are somewhat resistant to further mutation. [potion of beneficial mutation]
 32248 | Orc:4    | Lost mutation: You are somewhat resistant to further mutation. [potion of cure mutation]
 32337 | Orc:4    | Gained mutation: You are agile. (Dex +2) [potion of mutation]
 32337 | Orc:4    | Gained mutation: You can translocate small distances at will. [potion of mutation]
 32337 | Orc:4    | Gained mutation: You occasionally shout uncontrollably at your foes. [potion of mutation]
 32341 | Orc:4    | Bought a potion of resistance for 105 gold pieces
 32341 | Orc:4    | Bought a potion of cure mutation for 525 gold pieces
 32342 | Orc:4    | Lost mutation: You can translocate small distances at will. [potion of cure mutation]
 32342 | Orc:4    | Lost mutation: You occasionally shout uncontrollably at your foes. [potion of cure mutation]
 32342 | Orc:4    | Lost mutation: You are agile. (Dex +2) [potion of cure mutation]
 32766 | Swamp:1  | Entered Level 1 of the Swamp
 33239 | Swamp:1  | Reached skill level 1 in Armour
 33358 | Swamp:1  | Reached skill level 1 in Invocations
 33745 | Swamp:2  | Reached skill level 10 in Dodging
 34374 | Swamp:2  | Noticed Nikola
 34377 | Swamp:2  | Killed Nikola
 34377 | Swamp:2  | Reached skill level 10 in Fighting
 34377 | Swamp:2  | Reached XP level 15. HP: 78/80 MP: 32/38
 35033 | Swamp:3  | Noticed a thorn hunter
 35034 | Swamp:3  | Noticed Roxanne
 35035 | Swamp:3  | Killed a thorn hunter
 36019 | Lair:1   | Learned a level 4 spell: Enslavement
 36027 | Lair:1   | Learned a level 3 spell: Dazzling Spray
 36418 | Swamp:3  | Noticed Jorgrun
 36421 | Swamp:3  | Killed Jorgrun
 37290 | Swamp:4  | Learned a level 2 spell: Blink
 38350 | Swamp:5  | Entered Level 5 of the Swamp
 39099 | Spider:1 | Entered Level 1 of the Spider Nest
 39099 | Spider:1 | Noticed Josephine
 39478 | Lair:3   | Killed Josephine
 40823 | D:11     | Reached XP level 16. HP: 73/86 MP: 29/38
 41060 | D:12     | Identified a scroll of acquirement
 41062 | D:12     | Got an ancient buckler
 41068 | D:12     | Identified the -5 buckler "Fefoovod" {rPois MR+ Dex-2} (You acquired it on level 12 of the Dungeon)
 41317 | D:12     | Reached skill level 5 in Armour
 42182 | D:13     | Found a gate to the Vaults.
 42201 | D:13     | Reached skill level 1 in Shields
 42721 | D:13     | Reached skill level 21 in Stealth
 42825 | D:13     | Learned a level 6 spell: Mass Confusion
 42831 | D:13     | Learned a level 5 spell: Metabolic Englaciation
 43026 | D:13     | Noticed Psyche
 43035 | D:13     | Killed Psyche
 43887 | D:14     | Found a shimmering altar of Xom.
 43890 | D:14     | Found a shimmering altar of Xom.
 43891 | D:14     | Found a shimmering altar of Xom.
 44065 | D:14     | Found a shimmering altar of Xom.
 44065 | D:14     | Found a shimmering altar of Xom.
 44402 | D:15     | Entered Level 15 of the Dungeon
 44695 | D:15     | Found a shattered altar of Ashenzari.
 44758 | D:15     | Learned a level 1 spell: Summon Butterflies
 44761 | D:15     | Noticed Fannar
 44764 | D:15     | Killed Fannar
 45236 | D:15     | Found a staircase to the Depths.
 45360 | D:15     | Found a blossoming altar of Fedhas.
 46894 | Spider:3 | Noticed Mara
 46897 | Spider:3 | Killed Mara
 47084 | Spider:3 | Learned a level 6 spell: Invisibility
 47293 | Spider:3 | Reached XP level 17. HP: 88/88 MP: 34/39
 48457 | Spider:5 | Entered Level 5 of the Spider Nest
 48944 | Swamp:4  | Was placed under penance by Dithmenos
 49598 | Swamp:5  | Was forgiven by Dithmenos
 49722 | Swamp:5  | Noticed the 27-headed Lernaean hydra
 49731 | Swamp:5  | Reached skill level 15 in Dodging
 50692 | Swamp:5  | Got a decaying rune of Zot
 50850 | Swamp:5  | Noticed a thorn hunter
 51466 | Swamp:4  | Reached skill level 15 in Hexes
 53221 | Vaults:1 | Entered Level 1 of the Vaults
 53983 | Vaults:1 | Found Sagoclot's Antique Armour Shop.
 53986 | Vaults:1 | Bought a hat for 80 gold pieces
 53986 | Vaults:1 | Bought a runed cloak for 90 gold pieces
 54791 | Vaults:2 | Reached XP level 18. HP: 93/93 MP: 40/40
 56115 | Vaults:3 | Found a staircase to the Crypt.
 57609 | Vaults:3 | Identified the Disquisition on the Oath
 59583 | Vaults:4 | Hit by a large rock thrown by a stone giant

Action                   |  1- 3 |  4- 6 |  7- 9 | 10-12 | 13-15 | 16-18 || total
-------------------------+-------+-------+-------+-------+-------+-------++-------
Melee: Dagger            |   109 |    87 |    56 |       |    16 |       ||   268
       Short sword       |       |       |   268 |   553 |  1526 |  1646 ||  3993
 Cast: Corona            |     7 |       |       |       |       |       ||     7
       Ensorcelled Hiber |    29 |    46 |    67 |    73 |   125 |    11 ||   351
       Confuse           |     5 |    15 |    80 |    97 |   228 |   381 ||   806
       Flight            |       |       |       |       |     3 |    14 ||    17
       Enslavement       |       |       |       |       |     2 |     1 ||     3
       Dazzling Spray    |       |       |       |       |     2 |       ||     2
       Mass Confusion    |       |       |       |       |       |    12 ||    12
       Metabolic Englaci |       |       |       |       |       |     8 ||     8
       Invisibility      |       |       |       |       |       |    14 ||    14
Invok: Shadow Step       |       |       |       |     8 |    17 |    10 ||    35
Evoke: Wand              |       |       |     5 |     3 |     4 |     7 ||    19
  Use: Potion            |       |     1 |       |     6 |    17 |    11 ||    35
       Scroll            |       |     4 |     5 |    11 |     9 |    24 ||    53
 Stab: Sleeping          |    27 |    45 |    83 |   140 |   213 |   203 ||   711
       Confused          |     2 |     3 |    42 |    53 |   131 |   205 ||   436
       Distracted        |       |       |     1 |       |    13 |     6 ||    20
       Invisible         |       |       |       |       |     3 |    57 ||    60
       Held in net/web   |       |       |       |       |     1 |       ||     1
  Eat: Bread ration      |       |     1 |       |       |     1 |     3 ||     5
       Pizza             |       |       |     2 |       |       |     4 ||     6
       Fruit             |       |       |     6 |     9 |    18 |     3 ||    36
       Royal jelly       |       |       |       |       |       |     1 ||     1
